 Dungeon Crawl Stone Soup version 0.29-a0-322-g68df515428 (webtiles) character file.

Game seed: 5479462539530655999

2615 Gargoyl the Chopper (level 9, -1/55 HPs)
             Began as a Gargoyle Abyssal Knight on Apr 9, 2022.
             Was an Elder of Lugonu.
             Killed from afar by Maggie (23 damage)
             ... with a bolt of acid
             ... on level 6 of the Dungeon.
             The game lasted 00:06:51 (5718 turns).

Gargoyl the Chopper (Gargoyle Abyssal Knight)       Turns: 5718, Time: 00:06:52

Health: -1/55      AC: 17    Str: 22    XL:     9   Next: 60%
Magic:  10/10      EV:  7    Int: 12    God:    Lugonu [****..]
Gold:   63         SH: 15    Dex: 14    Spells: 8/8 levels left

rFire   . . .      SeeInvis .   a - +2 hand axe (spect)
rCold   . . .      Faith    .   t - +0 kite shield
rNeg    + . .      Spirit   .   l - +0 chain mail
rPois   ∞          Reflect  +   (no helmet)
rElec   +          Harm     .   v - +0 cloak
rCorr   +          Rampage  .   i - +2 pair of gloves
Will    .....                   (no boots)
Stlth   ..........              g - amulet of reflection
HPRegen 0.18/turn               d - +6 ring of strength
MPRegen 0.12/turn               f - ring of resist corrosion

@: corroded, mesmerised
A: sickness immunity, AC +6, negative energy resistance 1, electricity
resistance, torment resistance 1, petrification resistance
a: Renounce Religion, Depart the Abyss, Bend Space, Banish, Corrupt


You were on level 6 of the Dungeon.
You worshipped Lugonu.
Lugonu was greatly pleased with you.
You visited 1 branch of the dungeon, and saw 6 of its levels.
You visited the Abyss 1 time.

You collected 261 gold pieces.
You spent 198 gold pieces at shops.

Inventory:

Hand Weapons
 a - a +2 spectral hand axe (weapon)
Missiles
 o - 7 poisoned darts
 q - 4 datura-tipped darts (quivered)
Armour
 i - a +2 pair of gloves (worn)
 l - a +0 chain mail (worn)
 t - a +0 kite shield (worn)
 v - a +0 cloak (worn)
Jewellery
 d - a +6 ring of strength (left hand)
 f - a ring of resist corrosion (right hand)
 g - an amulet of reflection (around neck)
Wands
 k - a wand of iceblast (10)
 p - a wand of acid (5)
 u - a wand of digging (4)
Scrolls
 s - 4 scrolls of teleportation
Potions
 b - a potion of cancellation
 c - 3 potions of curing
 e - a potion of heal wounds
 j - a potion of lignification
 m - a potion of resistance
 n - a potion of mutation {unknown}


   Skills:
 + Level 6.1 Fighting
 + Level 7.2 Axes
 + Level 1.1 Throwing
 + Level 6.4 Armour
 + Level 2.5 Dodging
 + Level 1.7 Stealth
 + Level 6.1 Shields
 + Level 2.3 Invocations


You had 8 spell levels left.
You didn't know any spells.
Your spell library contained the following spells:

 Spells                   Type           Power      Damage    Failure   Level
 Summon Forest            Summ/Tloc      0%         N/A       100%        5
 Eringya's Noxious Bog    Tmut/Pois      0%         N/A       100%        6
 Summon Hydra             Summ           0%         N/A       100%        7


Dungeon Overview and Level Annotations

Branches:
Dungeon (6/15)             Temple (0/1) D:5

Altars:
Cheibriados
Kikubaaqudgha
Nemelex Xobeh
Okawaru
Uskayaw
The Shining One

Shops:
D:6 **([

Annotations:
D:6 Maggie


Innate Abilities, Weirdness & Mutations

You are immune to sickness and miasma.
Your stone body is resilient. (AC +6)
You are immune to poison.
You resist negative energy. (rN+)
You are resistant to electric shocks. (rElec)
You are resistant to unholy torment.
You are immune to petrification.


Message History

Unknown command.
You hit Maggie but do no damage. You hit the wight.
Maggie hits you but does no damage. You block the wight's attack.
You slash Maggie!
Maggie is lightly wounded.
You hit the wight. Maggie barely misses you. You block the wight's attack.
You slash Maggie!
Maggie is moderately wounded.
You barely miss the wight. You block Maggie's attack.
The wight hits you with a +4 great sword.
You slash the wight!
The wight is almost destroyed.
You hit Maggie. Maggie gestures at you while chanting.
The bolt of fire misses you. You block the wight's attack.
You cannot move away from Maggie!
You cannot move away from Maggie!
Unknown command.
You cannot move away from Maggie!
You hit Maggie.
Maggie is heavily wounded.
You closely miss the wight. You block Maggie's attack.
You block the wight's attack.
Unknown command.
You hit Maggie.
Maggie is heavily wounded.
You hit the wight.
You destroy the wight!
Lugonu accepts your kill.
Your +2 spectral hand axe hits Maggie.
Maggie zaps a wand.
The bolt of acid hits you! You resist. The acid corrodes you!
You hit Maggie.
Maggie is heavily wounded.
Your +2 spectral hand axe barely misses Maggie.
You block Maggie's attack.
You slash Maggie!
Maggie is severely wounded.
Your +2 spectral hand axe completely misses Maggie.
Maggie zaps a wand.
The bolt of acid hits you!! You resist.
You die...

#.....# #.#######
#####.# ####.......# ###
#......#.#.###
#.###..#!..'.. #.#
#..#.#.###
#####.###..###....
#..........#......
#)###'####.#.....#
#@##.......#.###.#
#....(@##.......#)....#
......####.......#.#####
##.... #.........#....
...## #..)...####.### .#
#......####.#
#...........#
#......###### ########


You could see Maggie (mesmerising) and a friendly +2 spectral hand axe
(summoned).

Vanquished Creatures
  Grinder (D:5)
  Sigmund (D:6)
  Eustachio (D:6)
  3 water moccasins
  2 sky beasts (D:5)
  An ice beast (D:5)
  A black bear (D:6)
  An ogre (D:3)
  2 phantoms
  2 bullfrogs
  A scorpion (D:5)
  A necrophage (D:4)
  4 wights (D:6)
  2 howler monkeys (D:5)
  2 vampire bats (D:5)
  4 hounds
  2 jellies (D:5)
  Crazy Yiuf (D:5)
  3 iguanas (D:5)
  2 orc wizards
  Ijyb (D:4)
  4 gnolls (D:3)
  10 adders
  A shadow imp (D:5)
  3 worms
  A dart slug (D:1)
  12 orcs
  6 ball pythons
  A bat skeleton (D:5)
  3 bat zombies (D:5)
  4 endoplasms
  A giant cockroach (D:2)
  10 goblins
  9 hobgoblins
  10 jackals
  4 quokkas
  2 frilled lizards
  2 kobolds
  4 rats
125 creatures vanquished.

Notes
Turn   | Place    | Note
-------+----------+-------------------------------------------
     0 | Abyss:1  | Gargoyl the Gargoyle Abyssal Knight began the quest for the
                  | Orb.
     0 | Abyss:1  | Reached XP level 1. HP: 14/14 MP: 2/2
     0 | D:1      | Escaped the Abyss
   136 | D:1      | Reached ** piety under Lugonu
   263 | D:1      | Reached XP level 2. HP: 14/19 MP: 3/3
   948 | D:2      | Reached skill level 2 in Axes
   948 | D:2      | Reached XP level 3. HP: 22/24 MP: 4/4
  1174 | D:2      | Found a faded altar of an unknown god.
  1182 | D:2      | Reached skill level 1 in Dodging
  1263 | D:2      | Reached XP level 4. HP: 29/29 MP: 5/5
  1526 | D:3      | Noticed an ogre
  1728 | D:4      | Noticed Ijyb
  1740 | D:4      | Killed Ijyb
  1879 | D:4      | Found a glowing golden altar of the Shining One.
  1883 | D:4      | Found a hide-covered altar of Uskayaw.
  2007 | D:4      | Noticed a necrophage
  2016 | D:4      | Killed a necrophage
  2017 | D:4      | Reached skill level 3 in Axes
  2017 | D:4      | Reached skill level 1 in Shields
  2017 | D:4      | Reached XP level 5. HP: 34/34 MP: 6/6
  2393 | D:3      | Reached XP level 6. HP: 38/39 MP: 7/7
  3184 | D:4      | Found a snail-covered altar of Cheibriados.
  3425 | D:5      | Entered Level 5 of the Dungeon
  3436 | D:5      | Reached skill level 4 in Axes
  3619 | D:5      | Found an iron altar of Okawaru.
  3681 | D:5      | Noticed a water moccasin
  3697 | D:5      | Killed a water moccasin
  3698 | D:5      | Reached XP level 7. HP: 40/44 MP: 8/8
  3773 | D:5      | Reached skill level 5 in Fighting
  3784 | D:5      | Reached *** piety under Lugonu
  3785 | D:5      | Reached skill level 5 in Axes
  3785 | D:5      | Reached skill level 1 in Stealth
  3817 | D:5      | Reached XP level 8. HP: 33/49 MP: 9/9
  3927 | D:5      | Found a sparkling altar of Nemelex Xobeh.
  3959 | D:5      | Found a runed translucent door.
  3960 | D:5      | Noticed Crazy Yiuf
  4110 | D:5      | Reached skill level 5 in Armour
  4439 | D:5      | Found a staircase to the Ecumenical Temple.
  4602 | D:5      | Noticed Grinder
  4614 | D:5      | Killed Grinder
  4615 | D:5      | Reached skill level 6 in Axes
  4653 | D:5      | Found an ancient bone altar of Kikubaaqudgha.
  4967 | D:5      | Killed Crazy Yiuf
  5094 | D:6      | Noticed Sigmund
  5105 | D:6      | Killed Sigmund
  5106 | D:6      | Reached XP level 9. HP: 55/55 MP: 10/10
  5145 | D:6      | Reached skill level 5 in Shields
  5154 | D:6      | Found Ciecoage's General Store.
  5182 | D:6      | Bought a +2 pair of gloves for 198 gold pieces
  5229 | D:6      | Noticed Eustachio
  5239 | D:6      | Killed Eustachio
  5240 | D:6      | Reached skill level 1 in Throwing
  5316 | D:6      | Found Iceilizu's General Store.
  5322 | D:6      | Reached skill level 7 in Axes
  5347 | D:6      | Identified the -3 pair of gloves of Fedhas, Hurtling
                  | {Int+4}
  5414 | D:6      | Found Toggiynk's Antique Armour Shoppe.
  5574 | D:6      | Found Ellofass's Weapon Emporium.
  5681 | D:6      | Noticed Maggie
  5709 | D:6      | Reached **** piety under Lugonu
  5718 | D:6      | Killed from afar by Maggie

Illustrated notes

Levels and vault maps discovered:
D:1:      dpeg_arrival_ternary, layout_loops_ring
D:2:      layout_rooms, chequers_ecumenical_altar_simple_redux
D:3:      layout_basic, chequers_mini_garden, minmay_misc_feat_chi
D:4:      layout_basic, slow_altar_2, minitemple, uniq_ijyb
D:5:      minmay_bubble_buster, layout_rooms, nemelex_diamond_rough_becter,
          mainiacjoe_overflow_alcove_1, kennysheep_vampire_church,
          minmay_temple_entry_junction, uniq_grinder, uniq_crazy_yiuf_cottage
D:6:      layout_basic, serial_shops, nicolae_shop_bloodbath_and_beyond, shop,
          nicolae_shop_hallway_stairs, nicolae_shop_hallway_stairs,
          uniq_eustachio, uniq_maggie, uniq_sigmund

Skill      XL: |  1  2  3  4  5  6  7  8  9 |
---------------+----------------------------+-----
Fighting       | 4 5 6 |  6.1
Axes           | 2 3 4 5 6 7 |  7.2
Dodging        | 1 2 |  2.5
Shields        | 1 2 3 4 6 |  6.1
Armour         | 3 4 6 |  6.4
Stealth        | 1 |  1.7
Throwing       | 1 |  1.1
Invocations    | |  2.3

Action                   |  1- 3 |  4- 6 |  7- 9 || total
-------------------------+-------+-------+-------++-------
Melee: Hand axe          |    78 |   147 |   243 ||   468
       Punch             |     1 |     1 |       ||     2
Throw: Dart              |       |     5 |     4 ||     9
Invok: Depart the Abyss  |     1 |       |       ||     1
  Use: Scroll            |     2 |     3 |     7 ||    12
       Potion            |       |     1 |       ||     1
 Stab: Distracted        |       |       |     1 ||     1
Armor: Leather armour    |    33 |     1 |       ||    34
       Ring mail         |       |    23 |       ||    23
       Chain mail        |       |    73 |   105 ||   178
Dodge: Dodged            |    57 |    62 |    55 ||   174
Block: Other             |    13 |       |       ||    13
       Buckler           |       |    65 |    42 ||   107
       Kite shield       |       |       |   110 ||   110

Table legend: (Time is in decaauts)
 A = Elapsed time spent in this place.
 B = Non-inter-level travel time spent in this place.
 C = Inter-level travel time spent in this place.
 D = Time resting spent in this place.
 E = Time spent auto-exploring this place.
 F = Levels seen in this place.
 G = Mean time per level.
                   A        B        C        D        E       F      G
               +--------+--------+--------+--------+--------+-----+--------+
         Total |   5790 |   5593 |    197 |     24 |   4326 |   7 |  827.1 |
       Dungeon |   5790 |   5593 |    197 |     24 |   4326 |   6 |  965.0 |
         Abyss |      0 |      0 |      0 |      0 |      0 |   1 |    0.0 |
               +--------+--------+--------+--------+--------+-----+--------+

Top non-repeatable levels by time:
     D:5: 1622 daAuts
     D:4: 1026 daAuts
     D:1: 1019 daAuts
     D:3: 934 daAuts
     D:6: 705 daAuts
     D:2: 483 daAuts
